 Dungeon Crawl Stone Soup version 0.25.1-8-g42b30a86e7 (webtiles) character file.

Game seed: 11466491577964754359

5779 hawla the Thaumaturge (level 10, 0/79 HPs)
             Began as a Deep Elf Conjurer on Dec 3, 2020.
             Was a Follower of Vehumet.
             Killed by divine providence
             ... invoked by an orc priest
              (10 damage)
             ... on level 10 of the Dungeon.
             The game lasted 00:33:11 (12354 turns).

hawla the Thaumaturge (Deep Elf Conjurer)          Turns: 12354, Time: 00:33:12

Health: 0/79       AC: 25    Str:  3 (5)  XL:     10   Next: 50%
Magic:  1/28       EV:  2    Int: 23 (24) God:    Vehumet [*.....]
Gold:   522        SH:  0    Dex: 12 (15) Spells: 27/34 levels left

rFire    + . .     SeeInvis .   J - +2 quarterstaff (flame)
rCold    + . .     Gourm    .   (shield currently unavailable)
rNeg     + + +     Faith    .   (armour currently unavailable)
rPois    +         Spirit   .   (helmet currently unavailable)
rElec    +         Reflect  .   (cloak currently unavailable)
rCorr    +         Harm     .   (gloves currently unavailable)
MR       ++...     NoTele   +   (boots currently unavailable)
Stlth    ++++......             (no amulet)
HPRegen  0.23/turn              b - ring of protection from magic
MPRegen  0.21/turn              z - ring of stealth

@: mighty, tree-form, resistant
A: no striking features
a: Renounce Religion


You were on level 10 of the Dungeon.
You worshipped Vehumet.
Vehumet was aware of your devotion.
You were not hungry.
You were a tree.
You visited 2 branches of the dungeon, and saw 11 of its levels.

You collected 587 gold pieces.
You spent 65 gold pieces at shops.

Inventory:

Hand Weapons
 J - a +2 quarterstaff of flaming (weapon)
Missiles
 f - 50 poisoned darts (quivered)
 y - 3 boomerangs
 O - 5 atropa-tipped darts
Armour
 a - a +0 robe (melded)
 x - a +0 cloak (melded)
 H - the +1 pair of gloves of Apathy (melded) {Str+4}
   (You found it on level 8 of the Dungeon)

   It affects your strength (+4).
Jewellery
 b - a ring of protection from magic (left branch)
 h - an uncursed ring of protection from fire
 n - an uncursed ring of fire
 o - an uncursed ring of see invisible
 p - an uncursed ring of protection from cold
 u - an uncursed amulet of magic regeneration {unknown}
 z - a ring of stealth (right branch)
 I - an uncursed amulet of magic regeneration {unknown}
 L - an uncursed ring of poison resistance {unknown}
 N - an uncursed amulet of the acrobat {unknown}
Wands
 d - a wand of flame (4)
 e - a wand of digging (4)
 j - a wand of iceblast (9)
 q - a wand of clouds (6)
 C - a wand of random effects (44)
 D - a wand of disintegration (7)
Scrolls
 g - 3 scrolls of amnesia
 r - 3 scrolls of enchant armour
 w - 2 scrolls of remove curse
 A - a scroll of magic mapping
 G - 2 scrolls of teleportation
 M - 2 scrolls of fog
Potions
 i - 2 potions of flight
 k - a potion of haste
 m - 3 potions of degeneration
 s - a potion of might
 t - a potion of stabbing
 B - a potion of brilliance {unknown}
 E - a potion of magic {unknown}
 F - 2 potions of curing
Comestibles
 c - 21 rations
 K - 4 chunks of flesh


   Skills:
 + Level 2.1 Fighting
 + Level 4.5 Dodging
 + Level 6.0 Stealth
 + Level 12.9 Spellcasting
 + Level 10.9 Conjurations
 + Level 5.6 Translocations


You had 27 spell levels left.
You knew the following spells:

 Your Spells              Type           Power        Failure   Level  Hunger
a - Magic Dart            Conj           ####         1%          1    None
b - Searing Ray           Conj           ######       1%          2    None
c - Iskenderun's Mystic   Conj/Tloc      ######..     1%          4    None

Your spell library contained the following spells:

 Spells                   Type           Power        Failure   Level  Hunger
 Shock                    Conj/Air       ####         1%          1    None
 Dazzling Flash           Conj/Hex       #####.       1%          3    None
 Fulminant Prism          Conj/Hex       #####.....   4%          4    None


Dungeon Overview and Level Annotations

Branches:
Dungeon (10/15)            Temple (1/1) D:6
   Lair: D:8-11         Orc: D:9-12

Altars:
Ashenzari
Cheibriados
Dithmenos
Elyvilon
Fedhas
Gozag
Hepliaklqana
Kikubaaqudgha
Makhleb
Nemelex Xobeh
Okawaru
Qazlal
Ru
Sif Muna
Trog
Uskayaw
Vehumet
Wu Jian
Xom
Yredelemnul
Zin
The Shining One

Shops:
D:5 !

Annotations:
D:6 3 runed translucent doors, rozman's ghost, novice TeCj
D:8 5 runed translucent doors


Message History

Confirm with . or Enter, or press ? or * to list all spells.
Aiming: Searing Ray (safe; 1% risk of failure)
Press: ? - help, Shift-Dir - straight line, f - orc priest
Aim: an orc priest, wielding a +0 hand axe The searing ray hits the orc priest.
The orc priest is moderately wounded. (Press . to maintain the ray.)
The orc wizard casts a spell at you.
The puff of flame hits you but does no damage.
Casting: Searing Ray (safe; 1% risk of failure)
Confirm with . or Enter, or press ? or * to list all spells.
Aiming: Searing Ray (safe; 1% risk of failure)
Press: ? - help, Shift-Dir - straight line, f/p - orc priest
Aim: an orc priest, wielding a +0 hand axe (moderately wounded)
The searing ray hits the orc priest!
The orc priest is almost dead. (Press . to maintain the ray.)
The orc priest mumbles some strange prayers to Beogh against you.
Beogh smites you!
You die...

##.# #.##..........#>#
##.####.##.#.#÷#.#..#
#
##......##.........##
######.....#.#.#.#....
...)....#..........##.
######.###.#.#.#.#.#
######.# #.........#
.......# #.#.#.#.#.#
########
#......♣o.####
###....).....#
#######>).## )o.#
...o# ....# ...[..
...##$# ...# .#


You could see an orc priest, an orc wizard and an orc.

Vanquished Creatures
  Pikel (D:4)
  Maurice (D:8)
  Joseph (D:8)
  3 trolls (D:9)
  Prince Ribbit (D:8)
  A human (D:9)
  4 hogs (D:9)
  A hungry ghost (D:7)
  A water moccasin (D:6)
  5 orc warriors
  A sky beast (D:6)
  A phantom (D:9)
  3 ogres
  A centaur (D:5)
  A big kobold (D:9)
  4 bullfrogs
  A wyvern zombie (D:6)
  2 scorpions
  2 howler monkeys (D:9)
  A lava snake (D:7)
  A crimson imp (D:9)
  A bullfrog zombie (D:9)
  2 bullfrog skeletons
  2 hounds
  2 jellies
  2 orc priests (D:10)
  3 centaur skeletons
  2 orc wizards (D:6)
  7 worker ants
  4 iguanas
  4 worker ant zombies
  5 gnolls
  14 adders
  3 shadow imps
  An ooze (D:1)
  An adder skeleton (D:5)
  2 worms
  A dart slug (D:1)
  3 leopard geckos
  24 orcs
  5 giant cockroaches
  10 hobgoblins
  19 jackals
  2 quokkas (D:3)
  3 ball pythons
  9 bats
  6 frilled lizards
  5 goblins
  A jackal zombie (D:9)
  13 kobolds
  A leopard gecko skeleton (D:4)
  A quokka skeleton (D:4)
  A quokka zombie (D:5)
  13 rats
209 creatures vanquished.

Vanquished Creatures (others)
  An iguana (D:4)
1 creature vanquished.

Grand Total: 210 creatures vanquished

Notes
Turn   | Place    | Note
-------+----------+-------------------------------------------
     0 | D:1      | hawla the Deep Elf Conjurer began the quest for the Orb.
     0 | D:1      | Reached XP level 1. HP: 10/10 MP: 6/6
   166 | D:1      | Reached XP level 2. HP: 15/15 MP: 4/8
   170 | D:1      | Learned a level 2 spell: Searing Ray
   948 | D:1      | Reached skill level 5 in Conjurations
   948 | D:1      | Reached XP level 3. HP: 19/19 MP: 3/10
  1164 | D:2      | Reached skill level 4 in Spellcasting
  1559 | D:2      | Reached XP level 4. HP: 24/24 MP: 9/12
  2846 | D:3      | Reached skill level 5 in Spellcasting
  3074 | D:3      | Reached XP level 5. HP: 28/28 MP: 7/14
  4070 | D:3      | Learned a level 4 spell: Iskenderun's Mystic Blast
  4322 | D:4      | Reached skill level 1 in Translocations
  4433 | D:4      | Reached skill level 6 in Spellcasting
  4433 | D:4      | Reached XP level 6. HP: 32/32 MP: 9/17
  4934 | D:4      | You fall into a shaft and drop 1 floor!
  4934 | D:5      | Entered Level 5 of the Dungeon
  5511 | D:5      | Reached XP level 7. HP: 36/36 MP: 12/19
  5929 | D:4      | Noticed Pikel
  5977 | D:4      | Killed Pikel
  5977 | D:4      | Reached skill level 7 in Spellcasting
  5977 | D:4      | Reached XP level 8. HP: 22/41 MP: 12/21
  6153 | D:4      | Reached skill level 8 in Spellcasting
  6572 | D:5      | Found Isios's Distillery.
  6575 | D:5      | Bought a potion of heal wounds for 65 gold pieces
  6868 | D:6      | Found a runed translucent gate.
  6868 | D:6      | Found a runed translucent gate.
  6868 | D:6      | Found a runed translucent gate.
  6870 | D:6      | Found an opulent altar of Gozag.
  6901 | D:6      | Noticed rozman's ghost (novice TeCj)
  6917 | D:6      | Found a staircase to the Ecumenical Temple.
  6951 | Temple   | Entered the Ecumenical Temple
  7364 | D:6      | Reached skill level 9 in Spellcasting
  7591 | D:6      | Found an ornate altar of the Wu Jian Council.
  7592 | D:6      | Found a hide-covered altar of Uskayaw.
  7594 | D:6      | Found a radiant altar of Vehumet.
  7595 | D:6      | Found a basalt altar of Yredelemnul.
  7595 | D:6      | Found a stormy altar of Qazlal.
  7640 | D:6      | Found an ancient bone altar of Kikubaaqudgha.
  7640 | D:6      | Found a glowing golden altar of the Shining One.
  7641 | D:6      | Found a hazy altar of Hepliaklqana.
  7644 | D:6      | Became a worshipper of Vehumet
  7875 | D:6      | Reached skill level 1 in Fighting
  7879 | D:6      | Reached skill level 10 in Spellcasting
  7879 | D:6      | Reached XP level 9. HP: 47/47 MP: 4/25
  9367 | D:8      | Noticed Joseph
  9383 | D:8      | Killed Joseph
  9383 | D:8      | Reached skill level 5 in Translocations
  9585 | D:8      | Noticed Maurice
  9613 | D:8      | Killed Maurice
  9613 | D:8      | Reached skill level 11 in Spellcasting
  9836 | D:8      | Found a runed translucent gate.
  9838 | D:8      | Found a runed translucent door.
  9852 | D:8      | Found a runed translucent gate.
  9852 | D:8      | Found a runed translucent gate.
  9867 | D:8      | Found a runed translucent door.
  9875 | D:8      | Found the +9 staff of Olgreb {rPois∞}
 10128 | D:8      | Noticed Prince Ribbit
 10136 | D:8      | Killed Prince Ribbit
 10136 | D:8      | Reached skill level 5 in Stealth
 10411 | D:8      | Got a pair of jewelled gloves
 10422 | D:8      | Identified the +1 pair of gloves of Apathy {Str+4} (You
                  | found it on level 8 of the Dungeon)
 10506 | D:8      | Found a glowing silver altar of Zin.
 10700 | D:9      | Noticed a troll
 10707 | D:9      | Killed a troll
 10707 | D:9      | Reached skill level 10 in Conjurations
 10952 | D:9      | Noticed a troll
 10961 | D:9      | Killed a troll
 10961 | D:9      | Reached skill level 12 in Spellcasting
 10961 | D:9      | Reached XP level 10. HP: 34/52 MP: 15/28
 11659 | D:9      | Reached * piety under Vehumet
 11659 | D:9      | Offered knowledge of Shock by Vehumet.
 11917 | D:9      | Found a bloodstained altar of Trog.
 12207 | D:10     | Entered Level 10 of the Dungeon
 12354 | D:10     | Killed from afar by an orc priest

Illustrated notes

Levels and vault maps discovered:
D:1:      heliophobic_arrival_enchanted_forest, layout_basic,
          minmay_heptomino_o4
D:2:      layout_basic, first_ration, minmay_misc_feat_roman
D:3:      layout_loops_ring, st_stairs_1, eino_tiny_chamber,
          serial_bayou_pond_a, roderic_serpentine_path
D:4:      layout_basic, kennysheep_path_1, uniq_pikel
D:5:      layout_loops_corners, serial_shops, kennysheep_mini_moat
D:6:      layout_cave_pools, grunt_temple_overflow_open,
          minmay_temple_entry_slanted, ebering_ghost_gozag, minmay_pentangle
D:7:      layout_basic, kennysheep_potato
D:8:      layout_gridville, basic_altar, minmay_guarded_unrand_staff_of_olgreb,
          uniq_maurice, uniq_joseph, uniq_prince_ribbit1
D:9:      layout_roguey, grunt_livestock, minmay_misc_feat_nine_boxes,
          minmay_misc_feat_plants, trog_butcher_becter
D:10:     layout_loops_ring, grunt_lair_entry_orc_guard_hut, orc_david_3,
          serial_co_window_serial, co_window_paths_a, co_window_paths_a,
          co_window_cross_1, co_window_of_opportunity_a, co_window_paths_a,
          co_window_cross_2, co_window_broadway_c, co_window_broadway_b,
          co_window_of_opportunity_b, glass_columns_a, glass_columns_c,
          chequers_serial_rivers_large_a, nicolae_dithmenos_the_darkroom
Temple:   nicolae_temple_great_sept

Skill      XL: |  1  2  3  4  5  6  7  8  9 10 |
---------------+-------------------------------+-----
Conjurations   | 5 6 7 8 10 | 10.9
Spellcasting   | 4 5 6 7 10 12 | 12.9
Translocations | 1 2 4 5 |  5.6
Stealth        | 3 5 6 |  6.0
Dodging        | 3 4 |  4.5
Fighting       | 1 2 |  2.1

Action                   |  1- 3 |  4- 6 |  7- 9 | 10-12 || total
-------------------------+-------+-------+-------+-------++-------
Melee: Whip              |     1 |       |       |       ||     1
       Quarterstaff      |       |       |     2 |     3 ||     5
 Cast: Magic Dart        |    45 |    68 |   112 |    29 ||   254
       Searing Ray       |    13 |    40 |    67 |    25 ||   145
       Iskenderun's Myst |       |       |     7 |    12 ||    19
  Use: Scroll            |     1 |     3 |     8 |     2 ||    14
       Potion            |       |     3 |     4 |     4 ||    11
  Eat: Chunk             |     2 |     8 |    14 |     4 ||    28
       Ration            |       |     1 |     1 |       ||     2
Armor: Robe              |     4 |    10 |     7 |     6 ||    27
       Skin              |       |       |     2 |     3 ||     5
Dodge: Dodged            |    15 |    34 |    29 |    21 ||    99
